 Dungeon Crawl Stone Soup version 0.30-a0-737-gf23d94013f (webtiles) character file.

Game seed: 11666742951169715754

68 demibob the Chopper (level 4, 0/39 HPs)
             Began as a Hill Orc Fighter on Feb 1, 2023.
             Was an Initiate of Beogh.
             Killed by divine providence
             ... invoked by an orc priest
              (10 damage)
             ... on level 3 of the Dungeon.
             The game lasted 00:02:16 (1757 turns).

demibob the Chopper (Hill Orc Fighter)              Turns: 1757, Time: 00:02:17

Health: 0/39       AC:  6    Str: 20    XL:     4   Next: 19%
Magic:  4/4        EV:  9    Int:  8    God:    Beogh [......]
Gold:   200        SH:  0    Dex: 10    Spells: 3/3 levels left

rFire   . . .      SeeInvis .    a - +0 war axe
rCold   . . .      Faith    .    (no shield)
rNeg    . . .      Spirit   .    b - +0 scale mail
rPois   .          Reflect  .    (no helmet)
rElec   .          Harm     .    (no cloak)
rCorr   .          Rampage  .    (no gloves)
Will    .....                    (no boots) Stlth
                                 (no amulet)
HPRegen 0.26/turn                (no ring)
MPRegen 0.09/turn                (no ring)

@: mighty
A: no striking features
a: Renounce Religion


You were on level 3 of the Dungeon.
You worshipped Beogh.
Beogh was noncommittal.
You visited 1 branch of the dungeon, and saw 3 of its levels.

You collected 200 gold pieces.


   Skills:
 - Level 3.6 Fighting
 + Level 5.8 Axes
 - Level 3.2 Armour
 - Level 3.2 Shields


You had 3 spell levels left.
You didn't know any spells.
Your spell library contained the following spells:

 Spells                   Type           Power      Damage    Failure   Level
 Gell's Gravitas          Tloc           0%         N/A       98%         3
 Teleport Other           Tloc           0%         N/A       98%         3
 Dispersal                Tloc           0%         N/A       100%        6

Inventory:

Hand Weapons
 a - a +0 war axe (weapon)
Armour
 b - a +0 scale mail (worn)
Wands
 e - a wand of quicksilver (5)
Scrolls
 i - a scroll of enchant weapon {unknown}
 j - a scroll of blinking {unknown}
Potions
 c - a potion of attraction {unknown}
 f - a potion of curing {unknown}
 g - a potion of haste {unknown}
 h - a potion of magic {unknown}
 k - a potion of heal wounds {unknown}

Dungeon Overview and Level Annotations

Branches:
Dungeon (3/15)

Altars:
Nemelex Xobeh

Shops:
D:2

* ........ ##...###
##...######.. ...^
.........
...#########.# ###
#.....#####..# #...
#..##.......##
#....#####..######....#
#...oo@.....## #.##.#
#....####....####..#...
#.w. ###.....#........
#..# #.....†..........
#. #######.###..#.## #
#..#..##.?.
##.....#####
###.....#####.
#....#..#.....


You could see a worm, an orc priest and an orc.


Message History

You kill the giant cockroach!
Beogh accepts your kill.
You see here a giant cockroach corpse.
An orc and an orc priest come into view.
The orc shouts!
The orc priest shouts!
An orc comes into view. It is wielding a +0 morningstar.
The orc priest looks encouraged for a moment.
The orc priest invokes the aid of Beogh against you.
Beogh smites you! The orc hits you with a +0 morningstar.
The orc priest looks encouraged for a moment.
You barely miss the orc. The orc completely misses you.
A worm comes into view.
You slash the orc!
You kill the orc!
Beogh accepts your kill. The orc closely misses you.
The orc priest invokes the aid of Beogh against you.
Beogh smites you!
* * * LOW HITPOINT WARNING * * *
You are too injured to fight recklessly!
You feel very mighty all of a sudden. The orc hits you but does no damage.
You barely miss the orc. The orc hits you with a +0 dagger.
* * * LOW HITPOINT WARNING * * *
You barely miss the orc.
The orc priest calls down the wrath of Beogh upon you.
Beogh smites you!
You die...
Beogh appreciates the orc priest's killing of a heretic priest.

Skill      XL: |  1  2  3 |
---------------+----------+-----
Axes           | 3 4 5 |  5.8
Fighting       | |  3.6
Armour         | |  3.2
Shields        | |  3.2

Action                     |  1- 3 |  4- 6 || total
---------------------------+-------+-------++-------
  Melee: War axe           |    97 |    19 ||   116
         Punch             |     1 |     1 ||     2
 Invoke: Convert to Beogh  |       |     1 ||     1
    Use: Scroll            |     4 |       ||     4
         Potion            |       |     1 ||     1
 Armour: Scale mail        |    46 |    10 ||    56
  Dodge: Dodged            |    53 |     9 ||    62

Levels and vault maps discovered:
D:1:      amcnicky_arrival_blooded_trapdoor, layout_basic
D:2:      layout_basic, serial_shops, nicolae_shop_overgrown_old_shop
D:3:      layout_rooms, lemuel_crystal_altar, gup_sewer_entry_bubbles,
          st_stairs_8, grunt_ministairs_11, nicolae_elevator_lobby_asterisk

Notes
Turn   | Place    | Note
-------+----------+-------------------------------------------
     0 | D:1      | demibob the Hill Orc Fighter began the quest for the Orb.
     0 | D:1      | Reached XP level 1. HP: 19/19 MP: 1/1
    87 | D:1      | Reached skill level 3 in Axes
   209 | D:1      | Reached XP level 2. HP: 26/26 MP: 2/2
   398 | D:1      | Reached skill level 4 in Axes
   690 | D:1      | Reached XP level 3. HP: 31/31 MP: 3/3
  1088 | D:2      | Reached skill level 5 in Axes
  1194 | D:2      | Found Zont's Assorted Antiques.
  1529 | D:3      | Found a sparkling altar of Nemelex Xobeh.
  1544 | D:3      | Reached XP level 4. HP: 39/39 MP: 4/4
  1703 | D:3      | Became a worshipper of Beogh the Brigand
  1757 | D:3      | Killed from afar by an orc priest

Vanquished Creatures
  An adder (D:2)
  A worm (D:3)
  A dart slug (D:2)
  An orc (D:3)
  5 ball pythons
  8 endoplasms
  2 giant cockroaches
  5 goblins
  3 hobgoblins
  3 jackals (D:2)
  3 bats
  7 frilled lizards
  6 kobolds
  2 rats
48 creatures vanquished.

Vanquished Creatures (others)
  2 orcs (D:3)
  5 plants (D:2)
7 creatures vanquished.

Grand Total: 55 creatures vanquished

Table legend: (Time is in decaauts)
 A = Elapsed time spent in this place.
 B = Non-inter-level travel time spent in this place.
 C = Inter-level travel time spent in this place.
 D = Time resting spent in this place.
 E = Time spent auto-exploring this place.
 F = Levels seen in this place.
 G = Mean time per level.
                   A        B        C        D        E       F      G
               +--------+--------+--------+--------+--------+-----+--------+
         Total |   1787 |   1699 |     88 |     41 |   1300 |   3 |  595.7 |
       Dungeon |   1787 |   1699 |     88 |     41 |   1300 |   3 |  595.7 |
               +--------+--------+--------+--------+--------+-----+--------+

Top non-repeatable levels by time:
     D:1: 971 daAuts
     D:2: 529 daAuts
     D:3: 286 daAuts

Table legend:
 A = Non-vault XP
 B = Vault XP
 C = Vault XP percentage of total XP
 D = Non-vault monster count
 E = Vault monster count
 F = Vault count percentage of total count
                 A         B        C        D         E       F
            +---------+---------+-------+---------+---------+-------
      Total |      98 |       0 |   0.0 |      48 |       0 |   0.0
            +---------+---------+-------+---------+---------+-------
        D:1 |      35 |       0 |   0.0 |      23 |       0 |   0.0
        D:2 |      42 |       0 |   0.0 |      14 |       0 |   0.0
        D:3 |      21 |       0 |   0.0 |      11 |       0 |   0.0
            +---------+---------+-------+---------+---------+-------
